 Dungeon Crawl Stone Soup version 0.27.1 (webtiles) character file.

Game seed: 9469539227473324778

263 ZARRMARR the Chopper (level 5, 0/44 HPs)
             Began as a Palentonga Fighter on Aug 28, 2021.
             Slain by an adder skeleton (1 damage)
             ... on level 4 of the Dungeon.
             The game lasted 00:07:28 (2207 turns).

ZARRMARR the Chopper (Palentonga Fighter)           Turns: 2207, Time: 00:07:29

Health: 0/44       AC:  6    Str: 21    XL:     5   Next: 98%
Magic:  5/5        EV:  5    Int:  8    God:
Gold:   57         SH:  9    Dex:  9    Spells: 4/4 levels left

rFire    . . .     SeeInvis +   a - +0 war axe
rCold    . . .     Faith    .   c - +0 kite shield
rNeg     . . .     Spirit   .   b - +0 scale mail
rPois    .         Reflect  .   (no helmet)
rElec    .         Harm     .   (no cloak)
rCorr    .         Rampage  .   (no gloves)
Will     .....                  (no barding)
Stlth    ..........             (no amulet)
HPRegen  0.14/turn              (no ring)
MPRegen  0.09/turn              (no ring)

@: no status effects
A: large, rugged brown scales 3, see invisible, deformed body, roll 1, armoured
tail
a: Rolling Charge


You were on level 4 of the Dungeon.
You visited 1 branch of the dungeon, and saw 3 of its levels.

You collected 57 gold pieces.

Inventory:

Hand Weapons
 a - a +0 war axe (weapon)
Armour
 b - a +0 scale mail (worn)
 c - a +0 kite shield (worn)
Scrolls
 f - a scroll of fear {unknown}
 i - 2 scrolls of identify {unknown}
 j - a scroll of brand weapon {unknown}
 k - a scroll of immolation {unknown}
 l - a scroll of enchant weapon {unknown}
 n - a scroll of fog {unknown}
Potions
 d - a potion of curing {unknown}
 e - a potion of invisibility {unknown}
 h - a potion of lignification {unknown}


   Skills:
 + Level 3.8 Fighting
 + Level 4.9 Axes
 - Level 2.8 Armour
 + Level 3.2 Shields


You had 4 spell levels left.
You didn't know any spells.
Your spell library contained the following spells:

 Spells                   Type           Power      Damage    Failure   Level
 Corona                   Hex            0%         N/A       99%         1
 Ensorcelled Hibernation  Hex/Ice        0%         N/A       99%         2
 Portal Projectile        Hex/Tloc       0%         N/A       100%        3
 Tukima's Dance           Hex            0%         N/A       100%        3
 Blade Hands              Tmut           0%         N/A       100%        5
 Excruciating Wounds      Necr           0%         N/A       100%        5


Dungeon Overview and Level Annotations

Branches:
Dungeon (2/15)

Altars:

Annotations:
D:4 Eustachio


Innate Abilities, Weirdness & Mutations

You are completely covered in rugged brown scales. (AC +3, +7% HP)
You have supernaturally acute eyesight. (SInv)
Armour fits poorly on your strangely shaped body.
You can roll at nearby foes to attack.
You have a long armoured tail.


Message History

Eustachio gestures wildly while chanting.
You closely miss Eustachio.
Eustachio is severely wounded.
You slash the quokka!
You kill the quokka!
The quokka's corpse disappears in a puff of smoke!
Eustachio gestures wildly while chanting.
Eustachio blinks!
The ufetubus hits you but does no damage.
The ufetubus hits you.
Roll where?
Press: ? - help, Dir - move target, f/p - Eustachio
Aim: Eustachio, wielding a +0 rapier and wearing a +0 leather armour (heavily wounded)
You roll forward with a clatter of scales!
You closely miss Eustachio.
Your tail-slap misses Eustachio.
Eustachio is heavily wounded.
You hear a shout!
You block Eustachio's attack. Eustachio hits you but does no damage.
You miss Eustachio.
Eustachio is heavily wounded.
You barely miss the white imp.
The white imp grinds its teeth.
The white imp gestures at you. The puff of frost hits you.
* * * LOW HITPOINT WARNING * * *
You block the ufetubus's attack. The ufetubus hits you.
* * * LOW HITPOINT WARNING * * *
You block Eustachio's attack. The adder skeleton bites you.
* * * LOW HITPOINT WARNING * * *
The white imp spits at you. The white imp gestures at you.
The puff of frost hits you!
* * * LOW HITPOINT WARNING * * *
You closely miss Eustachio. You tail-slap Eustachio.
Eustachio is severely wounded.
You hit the white imp. You closely miss the ufetubus.
You slash the adder skeleton! The ufetubus hits you.
* * * LOW HITPOINT WARNING * * *
The ufetubus barely misses you. The adder skeleton bites you.
You die...

.......... #.....
............# .# #.....
............# .###.....
....(.......###...#.....
.....(..................
.........#....##.##...
.....(..#.<..#####...
###Z55°#.§...###.....
..##@@.##......###....
<..#.........#####....
#..##........##.#.... .
#...................#
.(#.......#.##.##.#...#
.........##.##.#####..#
.........##.##.# #...#
..#...##.......# ##....
...............###....#


You could see Eustachio, a white imp (summoned), an ufetubus (summoned) and an
adder skeleton.

Vanquished Creatures
  A necrophage (D:4)
  An orc priest (D:4)
  A hound (D:4)
  An orc wizard (D:4)
  3 adders
  An ufetubus (D:4)
  2 dart slugs
  7 orcs (D:4)
  4 bats
  6 endoplasms
  2 giant cockroaches (D:1)
  4 goblins
  2 hobgoblins
  3 quokkas (D:1)
  5 ball pythons
  3 frilled lizards
  5 kobolds
  2 rats (D:1)
53 creatures vanquished.

Notes
Turn   | Place    | Note
-------+----------+-------------------------------------------
     0 | D:1      | ZARRMARR the Palentonga Fighter began the quest for the
                  | Orb.
     0 | D:1      | Reached XP level 1. HP: 19/19 MP: 1/1
    97 | D:1      | Reached XP level 2. HP: 25/25 MP: 2/2
   832 | D:2      | Reached XP level 3. HP: 31/31 MP: 3/3
  1376 | D:2      | You fall into a shaft and drop 2 floors!
  1381 | D:4      | Reached skill level 3 in Axes
  1381 | D:4      | Reached XP level 4. HP: 35/37 MP: 4/4
  1695 | D:4      | Noticed a necrophage
  1713 | D:4      | Reached skill level 4 in Axes
  1713 | D:4      | Reached XP level 5. HP: 12/43 MP: 5/5
  1715 | D:4      | Killed a necrophage
  2190 | D:4      | Noticed Eustachio
  2206 | D:4      | HP: 2/44 [white imp/puff of frost[Eustachio] (8)]
  2207 | D:4      | Slain by an adder skeleton

Illustrated notes

Levels and vault maps discovered:
D:1:      shiori_shiawase, layout_basic
D:2:      layout_basic
D:4:      layout_cave_pools, uniq_eustachio

Skill      XL: |  1  2  3  4 |
---------------+-------------+-----
Axes           | 3 4 |  4.9
Shields        | 3 |  3.2
Fighting       | |  3.8
Armour         | |  2.8

Action                   |  1- 3 |  4- 6 || total
-------------------------+-------+-------++-------
Melee: War axe           |    63 |    55 ||   118
       Tailslap          |     4 |     5 ||     9
Throw: Dart              |    12 |     8 ||    20
 Abil: Rolling Charge    |    21 |     7 ||    28
  Use: Potion            |       |     3 ||     3
 Stab: Sleeping          |     3 |       ||     3
Armor: Scale mail        |    26 |    34 ||    60
Dodge: Dodged            |    14 |    21 ||    35
Block: Kite shield       |    20 |    40 ||    60
